 Dungeon Crawl Stone Soup version 0.26-a0-651-gb41185065b (webtiles) character file.

Game seed: 16570981912792653585

347 kae the Frost Mage (level 6, -3/41 HPs)
             Began as a Merfolk Ice Elementalist on Oct 12, 2020.
             Slain by a centaur skeleton (7 damage)
             ... on level 4 of the Dungeon.
             The game lasted 00:04:07 (4805 turns).

kae the Frost Mage (Merfolk Ice Elementalist)       Turns: 4805, Time: 00:04:07

Health: -3/41      AC:  3    Str: 10    XL:     6   Next: 59%
Magic:  8/10       EV: 13    Int: 14    God:
Gold:   151        SH:  0    Dex: 21    Spells: 10/11 levels left

rFire    + . .     SeeInvis .   (no weapon)
rCold    . . .     Faith    .   (no shield)
rNeg     . . .     Spirit   .   a - +1 robe
rPois    .         Reflect  .   (no helmet)
rElec    .         Harm     .   (no cloak)
rCorr    .         Rampage  .   (no gloves)
MR       .....                  (no boots)
Stlth    ++........             (no amulet)
HPRegen  0.13/turn              d - +6 ring of dexterity
MPRegen  0.12/turn              n - ring of protection from fire

@: no status effects
A: change form in water, swift swim, stealthy swim
a: no special abilities


You were on level 4 of the Dungeon.
You visited 1 branch of the dungeon, and saw 4 of its levels.

You collected 151 gold pieces.

Inventory:

Armour
 a - a +1 robe (worn)
Jewellery
 d - a +6 ring of dexterity (left hand)
 n - a ring of protection from fire (right hand)
 o - an uncursed ring of ice
Potions
 b - a potion of ambrosia
 e - 3 potions of brilliance
 f - a potion of magic
 g - a potion of haste
 h - 2 potions of curing
 l - a potion of stabbing {unknown}


   Skills:
 - Level 2.6 Dodging
 - Level 2.1 Stealth
 - Level 3.0 Spellcasting
 * Level 8.0 Ice Magic


You had 10 spell levels left.
You knew the following spells:

 Your Spells              Type           Power        Failure   Level
a - Freeze                Ice            ###.         1%          1

Your spell library contained the following spells:

 Spells                   Type           Power        Failure   Level
 Frozen Ramparts          Ice            ###...       2%          3
 Ozocubu's Armour         Ice            ###.....     2%          3
 Hailstorm                Conj/Ice       ##......     38%         4
 Summon Ice Beast         Ice/Summ       ##......     38%         4


Dungeon Overview and Level Annotations

Branches:
Dungeon (4/15)
 Temple: D:4-7

Altars:
Fedhas
Nemelex Xobeh
Vehumet


Message History

The centaur skeleton is heavily damaged.
The centaur skeleton hits you. The centaur skeleton misses you.
You hit the centaur skeleton.
The centaur skeleton is heavily damaged.
The centaur skeleton hits you.
* * * LOW HITPOINT WARNING * * *
You hit the centaur skeleton.
The centaur skeleton is heavily damaged.
The centaur skeleton misses you.
Casting: Freeze (safe; 1% risk of failure)
Confirm with . or Enter, or press ? or * to list all spells.
Aiming: Freeze (safe; 1% risk of failure)
Press: ? - help, Shift-Dir - straight line, f/p - centaur skeleton
Aim: a centaur skeleton (heavily damaged)
The centaur skeleton resists.
You freeze the centaur skeleton.
The centaur skeleton is severely damaged.
The centaur skeleton hits you.
* * * LOW HITPOINT WARNING * * *
The centaur skeleton hits you!
You die...

#!)#.####.#.....##
#$(#.# #†#.....#.
#S.###.# #.#.....'.
# #.####.#.....#.
##.#..##.....## ###
#.#..##....... #..
#.#'####......
#.Z####.#....'......
#@...##.88.#......
#######.88.#####..
#....# #.. ######
#.. #.. #.. #.. #..
#..


You could see a centaur skeleton.

Vanquished Creatures
  A bullfrog (D:4)
  A howler monkey (D:4)
  An orc priest (D:3)
  A bullfrog skeleton (D:4)
  An orc wizard (D:3)
  A worker ant (D:4)
  7 adders
  A worm (D:2)
  2 dart slugs (D:1)
  2 leopard geckos
  6 orcs (D:3)
  5 giant cockroaches
  6 goblins
  6 hobgoblins
  7 kobolds
  3 quokkas
  9 bats
  2 frilled lizards
  6 rats
68 creatures vanquished.

Notes
Turn   | Place    | Note
-------+----------+-------------------------------------------
     0 | D:1      | kae the Merfolk Ice Elementalist began the quest for the
                  | Orb.
     0 | D:1      | Reached XP level 1. HP: 13/13 MP: 3/3
   472 | D:1      | Reached XP level 2. HP: 19/19 MP: 1/5
   845 | D:2      | Reached skill level 5 in Ice Magic
   845 | D:2      | Reached XP level 3. HP: 24/24 MP: 1/6
  1806 | D:2      | Found a radiant altar of Vehumet.
  1817 | D:2      | Found a blossoming altar of Fedhas.
  2003 | D:2      | Reached XP level 4. HP: 16/30 MP: 5/8
  3152 | D:3      | Reached skill level 6 in Ice Magic
  3207 | D:3      | Reached XP level 5. HP: 27/35 MP: 2/9
  3731 | D:3      | Found a sparkling altar of Nemelex Xobeh.
  4305 | D:4      | Reached skill level 7 in Ice Magic
  4503 | D:4      | Reached XP level 6. HP: 41/41 MP: 8/10
  4776 | D:4      | Reached skill level 8 in Ice Magic
  4805 | D:4      | Slain by a centaur skeleton

Illustrated notes

Levels and vault maps discovered:
D:1:      dpeg_arrival_prison, layout_loops_ring, chequers_mini_garden,
          minmay_cupped
D:2:      layout_basic, amethyst_overflow_temple_binary, grunt_decor_clamped
D:3:      layout_loops_corners, nemelex_spade_bored_becter
D:4:      minmay_chambers_of_fours, layout_gridville,
          nicolae_ossuary_entry_false_entrances, uniq_crazy_yiuf_cottage

Skill      XL: |  1  2  3  4  5  6 |
---------------+-------------------+-----
Ice Magic      | 5 6 7 8 |  8.0
Spellcasting   | 3 |  3.0
Dodging        | |  2.6
Stealth        | |  2.1

Action                   |  1- 3 |  4- 6 || total
-------------------------+-------+-------++-------
Melee: Unarmed           |     6 |    80 ||    86
 Cast: Freeze            |    46 |    93 ||   139
  Use: Scroll            |     5 |     8 ||    13
       Potion            |       |     1 ||     1
 Stab: Sleeping          |       |     1 ||     1
Armor: Robe              |    11 |    22 ||    33
Dodge: Dodged            |    46 |   112 ||   158

Table legend: (Time is in decaauts)
 A = Elapsed time spent in this place.
 B = Non-inter-level travel time spent in this place.
 C = Inter-level travel time spent in this place.
 D = Time resting spent in this place.
 E = Time spent auto-exploring this place.
 F = Levels seen in this place.
 G = Mean time per level.
                   A        B        C        D        E       F      G
               +--------+--------+--------+--------+--------+-----+--------+
         Total |   4809 |   4739 |     70 |   1031 |   3149 |   4 | 1202.2 |
       Dungeon |   4809 |   4739 |     70 |   1031 |   3149 |   4 | 1202.2 |
               +--------+--------+--------+--------+--------+-----+--------+

Top non-repeatable levels by time:
     D:3: 1629 daAuts
     D:1: 1418 daAuts
     D:2: 1176 daAuts
     D:4: 585 daAuts
